 Dungeon Crawl Stone Soup version 0.27.0-1-g7a089689b8 (webtiles) character file.

Game seed: 4058619549212259509

311 MajorAdolf the Covert (level 6, 61/61 HPs)
             Began as a Naga Wanderer on Aug 4, 2021.
             Quit the game on level 3 of the Dungeon.
             The game lasted 00:08:10 (5199 turns).

MajorAdolf the Covert (Naga Wanderer)               Turns: 5199, Time: 00:08:10

Health: 61/61      AC:  8    Str: 18    XL:     6   Next: 42%
Magic:  6/6        EV:  6    Int: 13    God:
Gold:   139        SH:  3    Dex: 11    Spells: 5/5 levels left

rFire    . . .     SeeInvis +   a - +2 dagger
rCold    x . .     Faith    .   q - +0 buckler
rNeg     . . .     Spirit   .   (no armour)
rPois    +         Reflect  .   (no helmet)
rElec    .         Harm     .   (no cloak)
rCorr    .         Rampage  .   (no gloves)
Will     ++...                  c - +2 barding of Tuas {rC- Will++ Str+3}
Stlth    ++++......             (no amulet)
HPRegen  0.20/turn              (no ring)
MPRegen  0.10/turn              (no ring)

@: very slow
A: AC +2, large, see invisible, deformed body, poison resistance, slowness 2,
spit poison 1, naga tail 1
a: Spit Poison


You were on level 3 of the Dungeon.
You visited 1 branch of the dungeon, and saw 4 of its levels.

You collected 139 gold pieces.

Inventory:

Hand Weapons
 a - a +2 dagger (weapon)
 d - a +0 shortbow
Missiles
 e - 26 arrows
 g - 2 throwing nets
Armour
 c - the +2 barding of Tuas (worn) {rC- Will++ Str+3}
   (You acquired it on level 3 of the Dungeon)

   Str:       It affects your strength (+3).
   rC:        It makes you vulnerable to cold.
   Will:      It greatly increases your willpower.
 q - a +0 buckler (worn)
Wands
 n - a wand of mindburst (5)
Scrolls
 f - a scroll of noise
 h - 2 scrolls of identify {unknown}
 i - a scroll of holy word {unknown}
 j - a scroll of summoning {unknown}
 m - a scroll of immolation {unknown}
 o - a scroll of teleportation {unknown}
Potions
 b - a potion of degeneration {unknown}
 k - a potion of brilliance {unknown}
 l - a potion of lignification {unknown}
 p - a potion of heal wounds {unknown}


   Skills:
 - Level 5.0 Fighting
 - Level 1.7 Bows
 - Level 1.0 Armour
 + Level 10.1 Stealth
 + Level 0.6 Shields


You had 5 spell levels left.
You didn't know any spells.
Your spell library contained the following spells:

 Spells                   Type           Power      Damage    Failure   Level
 Dazzling Flash           Conj/Hex       0%         N/A       80%         3
 Agony                    Necr           0%         N/A       100%        5
 Silence                  Hex/Air        0%         N/A       100%        5


Dungeon Overview and Level Annotations

Branches:
Dungeon (4/15)
 Temple: D:4-7

Altars:


Innate Abilities, Weirdness & Mutations

Your serpentine skin is tough. (AC +2)
You have supernaturally acute eyesight. (SInv)
Armour fits poorly on your strangely shaped body.
Your system is resistant to poisons. (rPois)
You cover ground very slowly.
You can spit poison.
You have a snake-like lower body.


Message History

A black bear is nearby!
A black bear is nearby!
A black bear is nearby!
You start resting.
An orc comes into view.
It is wielding a +0 short sword and quivering datura-tipped darts.
There is a stone staircase leading up here.
There is a stone staircase leading up here.
An orc is nearby!
The splash of poison hits the orc but does no damage.
The orc is poisoned.
You can't do that yet.
The orc throws a datura-tipped dart.
You block the datura-tipped dart. The orc hits you with a +0 short sword.
The orc hits you but does no damage.
You hit the orc.
The orc is heavily wounded.
The orc hits you with a +0 short sword.
You hit the orc.
The orc is almost dead.
The orc hits you with a +0 short sword.
You closely miss the orc.
The orc is almost dead.
You have got your breath back.
You kill the orc!
No target in view!
There is a stone staircase leading up here.
You start resting.
HP restored.
You climb upwards.
There is a stone staircase leading down here.
Unknown command.
Unknown command.
Welcome back, MajorAdolf the Naga Wanderer.
Press ? for a list of commands and other information.
Unknown command.
Done exploring.
Done exploring.
Done exploring.
No targets found!
Done exploring.
Are you sure you want to abandon this character and quit the game? (Confirm with "yes".)

.....≈###≈.≈###≈)§###§§≈###§.#.#
#.#§.≈≈≈§§.≈≈≈≈≈.≈≈§≈≈§§≈≈≈§§#.##
...#.....§§..................#...
...#..#######......#.###########.
...#.## ##...###)###########.
...#.# #...# #...........#.
...#.# #...# ##.########.#.
...#.# ##..# #.#.#<....... ...#.#
#.@# #.#.......... ...#.# ####
#.#.......... ...#.#
#.#.......... ...#.#
#.#.#.#####.. ...#.#
#.#.#######.. #..#.#
#.#.......... ...#.#
#.##########. ...#.#
#............ ####.#
#############


There were no monsters in sight!

Vanquished Creatures
  Ijyb (D:3)
  Natasha (thrice) (D:2)
  An iguana (D:4)
  7 gnolls
  5 adders (D:2)
  2 worms
  A dart slug (D:2)
  An orc (D:4)
  7 ball pythons
  6 bats
  9 endoplasms
  4 giant cockroaches
  2 goblins (D:1)
  6 hobgoblins
  7 kobolds
  3 quokkas
  6 frilled lizards
  7 rats
78 creatures vanquished.

Notes
Turn   | Place    | Note
-------+----------+-------------------------------------------
     0 | D:1      | MajorAdolf the Naga Wanderer began the quest for the Orb.
     0 | D:1      | MajorAdolf set off with the following items: a +2 dagger, a
                  | potion of berserk rage, a +0 ring mail, a +0 shortbow, 22
                  | arrows
     0 | D:1      | Reached XP level 1. HP: 25/25 MP: 1/1
   214 | D:1      | Reached skill level 4 in Stealth
   255 | D:1      | Reached XP level 2. HP: 32/32 MP: 2/2
   531 | D:1      | Reached skill level 5 in Stealth
  1377 | D:2      | Reached XP level 3. HP: 39/39 MP: 3/3
  1658 | D:2      | Reached skill level 6 in Stealth
  1814 | D:2      | Reached XP level 4. HP: 46/46 MP: 4/4
  2277 | D:2      | Reached skill level 7 in Stealth
  2314 | D:2      | Noticed Natasha
  2321 | D:2      | Killed Natasha
  2461 | D:2      | Found a faded altar of an unknown god.
  2577 | D:2      | Noticed Natasha
  2588 | D:2      | Killed Natasha
  2589 | D:2      | Reached skill level 8 in Stealth
  2589 | D:2      | Reached XP level 5. HP: 27/52 MP: 5/5
  3289 | D:2      | Noticed Natasha
  3299 | D:2      | Killed Natasha
  3564 | D:3      | Identified a scroll of acquirement
  3564 | D:3      | Acquired the +2 barding of Tuas {rC- Will++ Str+3}
  3696 | D:3      | Reached skill level 9 in Stealth
  3837 | D:3      | Noticed Ijyb
  3992 | D:3      | Killed Ijyb
  3993 | D:3      | Reached XP level 6. HP: 49/61 MP: 6/6
  4805 | D:4      | Reached skill level 10 in Stealth
  5112 | D:4      | Noticed a black bear
  5199 | D:3      | Quit the game

Illustrated notes

Levels and vault maps discovered:
D:1:      dpeg_arrival_refuge, layout_basic, skrybe_limestone_x
D:2:      minmay_skewed_foursquare, layout_loops_corners,
          hellmonk_ecumenical_altar_heavens_door, uniq_natasha
D:3:      layout_basic, kennysheep_boxes, uniq_ijyb
D:4:      layout_loops_ring, serial_shops, nicolae_take_the_stairs

Skill      XL: |  1  2  3  4  5  6 |
---------------+-------------------+-----
Stealth        | 4 5 6 8 9 10 | 10.1
Fighting       | |  5.0
Bows           | |  1.7
Armour         | |  1.0
Shields        | |  0.6

Action                   |  1- 3 |  4- 6 || total
-------------------------+-------+-------++-------
Melee: Dagger            |    38 |   130 ||   168
 Abil: Spit Poison       |    28 |    54 ||    82
  Use: Scroll            |       |     2 ||     2
       Potion            |       |     1 ||     1
 Stab: Sleeping          |     3 |     1 ||     4
Armor: Ring mail         |    12 |    27 ||    39
       Skin              |       |    29 ||    29
Dodge: Dodged            |     5 |    44 ||    49
Block: Buckler           |       |     6 ||     6
